Map: Acid Plant LE

Players

Lambo - Winner!

  • Race: Zerg Zerg
  • League: Gold
  • Spawn Location: 11:00

MarineLorD

  • Race: Terran Terran
  • League: Grandmaster
  • Spawn Location: 5:00

VOD

Have the link to the VOD?

Description

Time

  • Played on: Nov. 19, 2018, 10:46 a.m.
  • Length: 17:34
Show
View Real Time Build Order
Export as new Build Order

Lambo Zerg - Winner!

Build Orders: Hatch First 

Get SALT Encoding   

  12  0:01  Drone  
  13  0:13  Overlord  
  13  0:17  Drone  
  14  0:32  Drone x2  
  16  0:48  Hatchery  
  15  0:52  Drone  
  15  0:55  Drone  
  17  0:58  Drone  
  18  1:10  Extractor  
  17  1:13  Spawning Pool  
  17  1:17  Drone  
  17  1:20  Drone  
  18  1:30  Drone  
  19  1:39  Drone  
  20  1:52  Overlord  
  20  2:01  Queen  
  20  2:02  Queen, Zergling x4  
  26  2:14  Metabolic Boost  
  26  2:15  Drone x2  
  28  2:22  Drone  
  29  2:23  Drone  
  30  2:35  Hatchery  
  29  2:38  Drone  
  30  2:45  Drone  
  30  2:48  Queen  
  33  2:52  Overlord  
  33  2:56  Drone  
  34  2:59  Drone x2  
  36  3:11  Drone x2  
  36  3:12  Drone x3  
  41  3:15  Overlord  
  41  3:21  Drone  
  41  3:24  Queen  
  44  3:35  Drone x2  
  44  3:41  Queen, Drone  
  47  3:46  Drone x2  
  47  3:47  Queen, Overlord  
  53  3:50  Zergling x4  
  55  3:56  Zergling x4  
  55  3:58  Drone  
  55  3:59  Overlord  
  58  4:06  Overlord  
  58  4:07  Drone x2  
  58  4:09  Baneling Nest  
  59  4:10  Drone x2  
  59  4:15  Spore Crawler  
  60  4:17  Drone  
  60  4:20  Lair  
  61  4:24  Queen  
  61  4:27  Drone x2  
  61  4:29  Zergling x4  
  67  4:35  Drone x3  
  67  4:36  Drone  
  67  4:38  Overlord  
  71  4:42  Extractor  
  71  4:43  Extractor, Drone x3  
  71  4:45  Drone  
  73  4:47  Drone  
  74  4:58  Overlord  
  74  5:05  Drone x8  
  82  5:15  Evolution Chamber  
  82  5:16  Overlord  
  82  5:17  Evolution Chamber  
  82  5:21  Overlord  
  80  5:22  Drone x4  
  84  5:31  Zergling x6  
  84  5:32  Drone  
  84  5:33  Drone x2  
  89  5:36  Drone  
  89  5:38  Extractor  
  89  5:40  Extractor x2, Drone x3  
  89  5:41  Hatchery  
  88  5:43  Drone x3  
  88  5:44  Drone x2  
  88  5:46  Zerg Melee Weapons Level 1  
  88  5:47  Zerg Ground Armor Level 1  
  93  5:50  Drone  
  93  5:52  Hydralisk Den  
  93  5:54  Drone  
  93  5:56  Drone  
  95  6:00  Drone  
  95  6:01  Drone x3  
  99  6:05  Queen  
  99  6:08  Queen  
  99  6:09  Queen  
  105  6:15  Zergling x4  
  104  6:19  Baneling x7  
  104  6:20  Zergling x6  
  104  6:25  Drone x3  
  105  6:27  Overlord  
  104  6:34  Overlord  
  104  6:37  Overlord x2  
  99  6:44  Overlord  
  99  6:45  Queen  
  99  6:46  Zergling x6  
  103  6:50  Zergling x6  
  99  6:55  Zergling x6  
  99  6:59  Drone x2  
  102  7:01  Grooved Spines  
  102  7:04  Spire  
  102  7:08  Zergling x8  
  101  7:12  Baneling x5  
  99  7:17  Extractor, Drone x3  
  99  7:18  Extractor, Drone x3  
  99  7:20  Overseer  
  103  7:23  Hydralisk x3  
  109  7:31  Drone x4  
  109  7:33  Spore Crawler  
  109  7:34  Drone x3  
  109  7:35  Spore Crawler  
  115  7:39  Drone  
  115  7:40  Hydralisk  
  115  7:41  Hydralisk x2  
  122  7:45  Spore Crawler  
  122  7:46  Drone x2  
  121  7:51  Drone x4  
  121  7:52  Drone  
  121  7:54  Zerg Missile Weapons Level 1  
  122  7:58  Drone x2  
  122  7:59  Drone x2  
  126  8:07  Zergling x2  
  126  8:08  Zergling x4  
  126  8:12  Zergling x8  
  125  8:15  Hatchery, Zergling x8  
  122  8:21  Overlord  
  122  8:24  Zerg Flyer Weapons Level 1  
  122  8:29  Overlord  
  122  8:30  Centrifical Hooks  
  122  8:32  Hydralisk x4, Infestation Pit  
  129  8:35  Hydralisk  
  130  8:45  Hydralisk x6  
  139  8:50  Drone x5  
  140  8:57  Hydralisk x3  
  140  8:59  Drone  
  140  9:00  Drone  
  145  9:13  Muscular Augments  
  145  9:14  Zerg Ground Armor Level 2  
  145  9:15  Pathogen Glands  
  145  9:18  Extractor  
  145  9:20  Overseer  
  144  9:24  Hydralisk x4  
  144  9:30  Queen x2  
  150  9:35  Corruptor  
  150  9:36  Corruptor x3  
  158  9:49  Corruptor x2  
  158  9:57  Extractor  
  158  9:59  Queen, Extractor  
  158  10:01  Overlord x2  
  158  10:02  Overlord  
  158  10:04  Overlord  
  158  10:05  Overlord  
  158  10:06  Overlord  
  156  10:19  Overlord, Zerg Flyer Armor Level 1  
  156  10:22  Overlord  
  156  10:26  Corruptor  
  156  10:27  Corruptor x8  
  174  10:30  Zerg Missile Weapons Level 2  
  174  10:35  Drone x4  
  178  10:36  Spore Crawler  
  178  10:38  Spore Crawler  
  176  10:43  Spore Crawler  
  175  10:50  Corruptor x2  
  175  10:53  Neural Parasite  
  175  10:56  Burrow  
  179  10:57  Hatchery  
  179  11:01  Hive  
  178  11:14  Infestor x4  
  186  11:31  Hatchery  
  185  11:32  Spire  
  184  11:44  Spine Crawler  
  184  11:46  Spine Crawler  
  184  11:47  Spine Crawler, Drone x3  
  184  11:49  Spine Crawler, Infestor x3  
  189  12:11  Drone x2  
  189  12:12  Zerg Flyer Weapons Level 2, Drone x12, Nydus Network  
  195  12:18  Zerg Ground Armor Level 3  
  195  12:19  Extractor  
  195  12:22  Extractor  
  189  12:29  Drone x5  
  189  12:33  Drone x6  
  189  12:34  Drone x8  
  196  12:38  Infestor x2  
  200  12:54  Greater Spire  
  200  12:55  Zerg Missile Weapons Level 3  
  200  13:03  Spine Crawler x2  
  200  13:04  Spore Crawler  
  197  13:06  Drone x3  
  197  13:09  Drone x3  
  190  13:15  Infestor x7  
  198  13:24  Extractor  
  195  13:28  Drone x6  
  200  13:35  Spore Crawler  
  199  13:45  Overseer x6  
  199  13:50  Hatchery  
  199  13:52  Spore Crawler  
  199  13:54  Spore Crawler  
  196  13:56  Spore Crawler  
  196  13:57  Spore Crawler x3  
  196  13:58  Spore Crawler x2  
  196  13:59  Drone x6  
  196  14:01  Spore Crawler  
  195  14:09  Spore Crawler  
  194  14:12  Zerg Flyer Armor Level 2  
  194  14:13  Brood Lord  
  194  14:14  Brood Lord x2  
  196  14:22  Brood Lord x2  
  199  14:50  Pneumatized Carapace  
  194  15:19  Drone x4  
  188  15:45  Brood Lord x6  
  196  15:59  Drone x4  
  184  17:03  Corruptor  
Show
View Real Time Build Order
Export as new Build Order

MarineLorD Terran 

Build Orders: Liberator Opening, Reaper Expand, Mech 

Get SALT Encoding   

  12  0:00  SCV  
  13  0:12  SCV  
  14  0:16  Supply Depot  
  14  0:24  SCV  
  15  0:38  SCV  
  15  0:40  Barracks  
  16  0:44  Refinery  
  16  0:50  SCV  
  17  1:02  SCV  
  18  1:14  SCV  
  19  1:27  Reaper, Orbital Command  
  20  1:39  Command Center  
  20  1:52  Supply Depot  
  20  1:53  SCV  
  21  1:59  Marine  
  22  2:01  Refinery  
  22  2:05  SCV  
  23  2:15  Factory  
  23  2:17  SCV  
  23  2:22  Barracks Reactor  
  24  2:29  SCV  
  25  2:41  SCV  
  26  2:47  Refinery  
  26  2:51  Orbital Command  
  26  2:53  SCV  
  27  3:06  Barracks Tech Lab, SCV  
  27  3:07  Hellion x2  
  27  3:08  Starport  
  32  3:17  SCV  
  32  3:18  SCV  
  34  3:26  Marine  
  35  3:29  SCV, Hellion x2  
  35  3:31  Liberator  
  40  3:36  SCV  
  40  3:40  Supply Depot  
  40  3:42  Supply Depot  
  40  3:45  Fusion Core  
  40  3:51  SCV  
  40  3:53  SCV  
  45  4:03  SCV, Hellion  
  45  4:04  Hellion  
  45  4:08  SCV  
  51  4:15  SCV, Supply Depot  
  52  4:21  SCV  
  53  4:28  SCV  
  54  4:32  Marine x2  
  54  4:33  Siege Tank  
  54  4:34  SCV, Starport Tech Lab  
  60  4:40  SCV  
  61  4:46  SCV, Supply Depot  
  61  4:50  Marine x2  
  64  4:56  Battlecruiser  
  70  5:02  Supply Depot  
  70  5:05  Supply Depot  
  70  5:08  SCV x2  
  70  5:10  Marine x2  
  70  5:11  Siege Tank  
  77  5:17  Refinery  
  77  5:20  SCV  
  77  5:21  Weapon Refit  
  78  5:26  SCV  
  78  5:28  Marine x2  
  79  5:34  SCV  
  82  5:41  SCV  
  83  5:44  Siege Tank  
  83  5:46  Marine x2  
  83  5:49  Command Center  
  88  5:58  SCV  
  89  6:06  SCV  
  89  6:07  Marine x2  
  89  6:11  SCV  
  91  6:17  Supply Depot  
  91  6:18  SCV, Supply Depot  
  89  6:19  Battlecruiser  
  89  6:23  SCV  
  97  6:34  Marine x2  
  97  6:35  Armory x2  
  97  6:36  SCV  
  96  6:42  SCV  
  94  6:48  SCV  
  94  6:52  Marine, Siege Tank  
  94  6:54  SCV  
  94  6:56  Factory  
  94  6:58  Factory  
  94  7:00  SCV  
  95  7:02  Orbital Command  
  95  7:06  SCV  
  96  7:11  Marine  
  96  7:12  Marine  
  96  7:14  SCV  
  95  7:21  SCV, Supply Depot  
  96  7:23  Supply Depot  
  96  7:31  Battlecruiser  
  96  7:32  Siege Tank  
  96  7:33  Orbital Command  
  96  7:36  SCV  
  106  7:41  Factory Tech Lab  
  106  7:45  SCV  
  106  7:48  Terran Vehicle Weapons Level 1  
  106  7:49  SCV, Terran Vehicle And Ship Armor Level 1  
  108  7:57  SCV  
  109  8:00  Siege Tank  
  112  8:06  SCV  
  111  8:14  Refinery  
  111  8:15  SCV  
  111  8:16  Siege Tank, Supply Depot  
  111  8:17  Supply Depot  
  104  8:20  Refinery  
  104  8:33  SCV x2  
  106  8:35  SCV  
  106  8:40  Supply Depot  
  106  8:45  Hellbat, SCV, Siege Tank  
  106  8:46  Hellbat  
  106  8:47  SCV  
  112  8:49  Siege Tank  
  112  8:54  Battlecruiser  
  112  8:55  SCV  
  122  9:00  SCV  
  123  9:08  SCV x2  
  123  9:09  Factory  
  125  9:10  Factory  
  125  9:11  Command Center  
  125  9:12  Command Center  
  125  9:16  SCV  
  117  9:20  Hellbat, Hellion  
  117  9:21  Infernal Pre-Igniter  
  121  9:30  SCV x2  
  123  9:34  Thor, Engineering Bay  
  129  9:39  SCV  
  129  9:42  SCV x2  
  129  9:43  Hellbat x3  
  138  9:51  SCV  
  139  9:54  SCV  
  139  9:58  Factory Reactor x2  
  140  10:04  Siege Tank  
  140  10:06  Supply Depot  
  143  10:08  Supply Depot  
  143  10:18  Siege Tank, Battlecruiser  
  143  10:20  Hellbat x2  
  156  10:24  Missile Turret  
  156  10:26  Sensor Tower  
  156  10:30  Orbital Command  
  156  10:33  Command Center  
  150  10:37  Hellbat  
  150  10:38  Command Center  
  150  10:39  Hellbat x3  
  150  10:40  Terran Vehicle And Ship Armor Level 2  
  150  10:41  Terran Vehicle Weapons Level 2, Hellbat x2  
  162  10:50  Hellbat  
  164  10:57  Missile Turret, Hellion x4  
  164  10:58  Hellion  
  166  11:14  Planetary Fortress  
  166  11:16  Missile Turret, Siege Tank  
  166  11:17  Refinery  
  166  11:18  Hellbat, Hellion  
  173  11:20  Refinery, Hellbat, Hellion  
  177  11:28  Missile Turret  
  177  11:29  Missile Turret  
  177  11:30  Hellion x3  
  177  11:31  Missile Turret  
  183  11:33  Battlecruiser  
  183  11:38  Missile Turret  
  183  11:49  Siege Tank  
  183  11:50  Hellbat x5  
  195  12:03  Hellion x7  
  195  12:04  Starport  
  195  12:05  Starport  
  195  12:06  Starport  
  195  12:07  Starport  
  191  12:22  Thor x2  
  200  12:32  Hellion x4  
  194  12:37  Battlecruiser  
  194  12:39  Orbital Command  
  200  12:53  Sensor Tower  
  186  13:13  Starport Reactor x2, Starport Tech Lab x2  
  174  13:31  Planetary Fortress  
  172  13:38  Terran Vehicle And Ship Armor Level 3, Terran Ship Weapons Level 1  
  172  13:39  Hi-Sec Auto Tracking  
  172  13:42  Refinery, Command Center, Missile Turret  
  172  13:43  Refinery, Missile Turret  
  172  13:45  Missile Turret  
  172  13:47  Missile Turret  
  172  13:48  Missile Turret, Hellion x4  
  178  13:49  Hellion x2  
  178  13:51  Battlecruiser x2  
  178  13:53  Raven  
  178  13:54  Hellion x3  
  198  13:56  Missile Turret  
  198  14:17  Missile Turret  
  198  14:31  Command Center  
  198  14:39  Missile Turret  
  197  14:55  Orbital Command  
  177  15:21  Viking x5  
  177  15:22  Viking x2  
  172  15:44  Siege Tank x2  
  172  15:45  Hellbat x2, Hellion x3  
  172  15:46  Hellion  
  170  15:51  Viking x2  
  174  16:00  Viking x5  
  184  16:06  Hellbat  
  184  16:11  Hellion x7  
  183  16:21  Viking x2  
  187  16:30  Siege Tank x2  
  189  16:37  Raven  
  189  16:38  Raven  
  189  16:39  Raven  
  142  17:07  Hellbat x2  
  142  17:08  Hellbat x4  
Tags
 
Add a new tag
Caveats
  • Supply blocks, unpowered buildings, or Contaminate may cause inaccurate times.
  • Supply counts are checked every 10 seconds.